 Dungeon Crawl Stone Soup version 0.18-a0-952-g309898a (webtiles) character file.

125 tof the Bolt Thrower (level 4, -7/37 HPs)
             Began as a Minotaur Hunter on Dec 30, 2015.
             Was an Initiate of Cheibriados.
             Mangled by a gnoll
             ... wielding a +1 halberd of venom
              (8 damage)
             ... on level 3 of the Dungeon.
             The game lasted 00:07:33 (1600 turns).

tof the Bolt Thrower (Minotaur Hunter)              Turns: 1600, Time: 00:07:34

Health: -7/37      AC: 13    Str: 18    XL:     4   Next: 82%
Magic:  3/3        EV:  6    Int:  9    God:    Cheibriados [......]
Gold:   9          SH:  0    Dex: 12    Spells: 0 memorised, 3 levels left

rFire  . . .     SeeInvis .     b - +0 short sword
rCold  . . .     Gourm    .     e - +0 plate armour
rNeg   . . .     Faith    .     (no shield)
rPois  .         Spirit   .     (helmet restricted)
rElec  .         Dismiss  .     u - +2 cloak
rCorr  .         Reflect  .     (no gloves)
SustAt .         Harm     .     (no boots)
MR     .....                    (no amulet)
Stlth  ..........               (no ring)
                                (no ring)

@: lethally poisoned (-7 -> -36), very slow, not resistant to hostile
enchantments, extremely unstealthy
A: retaliatory headbutt, horns 2
a: Bend Time, Renounce Religion


You were on level 3 of the Dungeon.
You worshipped Cheibriados.
Cheibriados was noncommittal.
You were hungry.

You visited 1 branch of the dungeon, and saw 3 of its levels.

You collected 9 gold pieces.

Inventory:

Hand Weapons
 a - a +1 hand crossbow
 b - a +0 short sword (weapon)
Missiles
 d - 3 bolts
Armour
 c - a +0 leather armour
 e - a +0 plate armour (worn)
 u - a +2 cloak (worn)
Jewellery
 p - an uncursed amulet of rage {unknown}
Scrolls
 i - a scroll of fear {unknown}
 j - a scroll of magic mapping {unknown}
 k - a scroll of remove curse {unknown}
 l - a scroll of identify {unknown}
 n - 2 scrolls of enchant weapon {unknown}
 r - a scroll of random uselessness {unknown}
Potions
 h - a potion of flight {unknown}
 m - a potion of lignification {unknown}
 o - a potion of experience {unknown}
 q - 2 potions of brilliance {unknown}
 t - 2 potions of invisibility {unknown}
Comestibles
 f - 2 bread rations
 g - a meat ration
 s - a beef jerky
 v - 4 chunks of flesh


   Skills:
 + Level 2.7 Fighting
 + Level 0.2 Short Blades
 + Level 6.4 Crossbows
 + Level 1.3 Armour
 + Level 2.4 Dodging
 + Level 0.7 Stealth


You had 3 spell levels left.
You didn't know any spells.

Dungeon Overview and Level Annotations

Branches:
Dungeon (3/15)

Altars:
Cheibriados
Nemelex Xobeh


Innate Abilities, Weirdness & Mutations

You reflexively headbutt those who attack you in melee.
You have a pair of horns on your head.


Message History

The gnoll hits you but does no damage.
You are more poisoned.
Things that are here:
a spear; 4 bolts; a gnoll corpse You hit the gnoll.
Your headbutt misses the gnoll.
The gnoll is moderately wounded.
* * * LOW HITPOINT WARNING * * *
You feel very sick. The gnoll barely misses you.
You hit the gnoll but do no damage.
The gnoll is moderately wounded.
* * * LOW HITPOINT WARNING * * *
You feel very sick. The gnoll hits you but does no damage.
Your plate armour prevents you from hitting the gnoll.
The gnoll is moderately wounded.
* * * LOW HITPOINT WARNING * * *
You feel very sick.
The gnoll hits you with a halberd of venom!
You die...

#########
..?......#
.........#
.........#
........#
..$......########
...##..?.@gg.....
.........########
.........##.#
.........##.#
......#....<#
#######.##### #..
#.. #..


You could see 2 gnolls.

Vanquished Creatures
  Crazy Yiuf (D:2)
  Ijyb (D:2)
  A gnoll (D:3)
  An adder (D:3)
  2 oozes (D:2)
  A worm (D:2)
  A giant gecko (D:2)
  An orc (D:2)
  2 giant cockroaches (D:1)
  9 hobgoblins
  6 bats
  2 giant newts
  3 goblins (D:1)
  3 kobolds (D:2)
  8 rats
  2 fungi (D:2)
44 creatures vanquished.

Notes
Turn   | Place    | Note
--------------------------------------------------------------
     0 | D:1      | tof the Minotaur Hunter began the quest for the Orb.
     0 | D:1      | Reached XP level 1. HP: 18/18 MP: 0/0
   150 | D:1      | Reached XP level 2. HP: 25/25 MP: 1/1
   200 | D:1      | Reached skill level 5 in Crossbows
   718 | D:2      | Noticed Ijyb
   731 | D:2      | Killed Ijyb
   731 | D:2      | Reached XP level 3. HP: 30/30 MP: 2/2
   833 | D:2      | Found a snail-covered altar of Cheibriados.
   847 | D:2      | Became a worshipper of Cheibriados the Contemplative
  1301 | D:2      | Reached XP level 4. HP: 33/37 MP: 3/3
  1312 | D:2      | Found a sparkling altar of Nemelex Xobeh.
  1445 | D:2      | Noticed Crazy Yiuf
  1455 | D:2      | Killed Crazy Yiuf
  1455 | D:2      | Reached skill level 6 in Crossbows
  1540 | D:3      | Reached skill level 1 in Armour
  1600 | D:3      | HP: 1/37 [poisoned by a gnoll]
  1600 | D:3      | Mangled by a gnoll

Vault maps used:
D:1:      denvon_arrival_planthouse
D:2:      lemuel_round_altar, first_bread, nrook_mini_backslash,
          nemelex_dance_club_becter, uniq_crazy_yiuf_cottage, uniq_iyjb
D:3:      fiery_altar_vehumet

Action                   |  1- 3 |  4- 6 || total
-------------------------+-------+-------++-------
Melee: Short sword       |    29 |    33 ||    62
 Fire: Hand crossbow     |    86 |    14 ||   100
  Eat: Chunk             |     1 |     1 ||     2
